 Dungeon Crawl Stone Soup version 0.30-a0-169-g06f667207d (webtiles) character file.

Game seed: 11551868275976342118

1442 qw the Cleaver (level 8, -1/51 HPs)
             Began as a Gargoyle Fighter on Sept 30, 2022.
             Was an Initiate of Okawaru.
             Slain by an iron imp (4 damage)
             ... summoned by Eustachio
             ... on level 6 of the Dungeon.
             The game lasted 00:02:10 (6205 turns).

qw the Cleaver (Gargoyle Fighter)                   Turns: 6205, Time: 00:02:11

Health: -1/51      AC: 13    Str: 23      XL:     8   Next: 74%
Magic:  8/8        EV:  9    Int:  8      God:    Okawaru [......]
Gold:   250        SH:  9    Dex:  8 (9)  Spells: 7/7 levels left

rFire   . . .      SeeInvis .    Y - +2 war axe (chaos)
rCold   . . .      Faith    .    c - +0 buckler
rNeg    + . .      Spirit   .    b - +0 scale mail
rPois   inf        Reflect  +    g - +0 helmet
rElec   +          Harm     .    (no cloak)
rCorr   .          Rampage  .    (no gloves)
Will    .....                    (no boots)
Stlth   ..........               f - amulet of reflection
HPRegen 0.17/turn                (no ring)
MPRegen 0.11/turn                (no ring)

@: no status effects
A: sickness immunity, AC +5, negative energy resistance 1, electricity
resistance, torment resistance 1, petrification resistance
a: Renounce Religion


You were on level 6 of the Dungeon.
You worshipped Okawaru.
Okawaru was noncommittal.
You visited 2 branches of the dungeon, and saw 7 of its levels.

You collected 250 gold pieces.


Innate Abilities, Weirdness & Mutations

You are immune to sickness and miasma.
Your stone body is resilient. (AC +5)
You are immune to poison.
You resist negative energy. (rN+)
You are resistant to electric shocks. (rElec)
You are resistant to unholy torment.
You are immune to petrification.


   Skills:
 - Level 6.0 Fighting
 + Level 8.2 Axes
 - Level 2.6 Throwing
 - Level 3.2 Armour
 - Level 1.0 Dodging
 - Level 3.2 Shields


You had 7 spell levels left.
You didn't know any spells.
Your spell library was empty.

Inventory:

Hand Weapons
 i - a +0 hand axe of flaming
 Y - a +2 war axe of chaos (weapon)
Missiles
 r - 4 boomerangs (quivered)
Armour
 b - a +0 scale mail (worn)
 c - a +0 buckler (worn)
 g - a +0 helmet (worn)
Jewellery
 f - an amulet of reflection (around neck)
Wands
 e - a wand of digging (8)
Scrolls
 m - a scroll of identify
Potions
 d - 4 potions of might
 h - a potion of haste {unknown}
 j - 2 potions of curing
 k - a potion of heal wounds {unknown}
 l - a potion of cancellation {unknown}
 o - a potion of attraction {unknown}
 p - 2 potions of mutation {unknown}
 q - a potion of lignification {unknown}

Dungeon Overview and Level Annotations

Branches:
Dungeon (6/15)             Temple (1/1) D:4

Altars:
Cheibriados
Dithmenos
Fedhas
Gozag
Hepliaklqana
Kikubaaqudgha
Makhleb
Nemelex Xobeh
Okawaru
Qazlal
Ru
Sif Muna
Trog
Uskayaw
Vehumet
Xom
Zin
The Shining One

Annotations:
D:6 Eustachio


Message History

The quasit claws you but does no damage. x2
You closely miss the quasit.
Your surroundings suddenly seem different.
You closely miss the rat. You block the rat's attack.
Eustachio gestures wildly while chanting.
You hit the iron imp.
The iron imp is lightly wounded.
You hit the rat.
You kill the rat!
The rat's corpse disappears in a puff of smoke!
You barely miss the iron imp.
The quasit disappears in a puff of smoke!
The iron imp hits you! You block the iron imp's attack.
You hit the iron imp.
The iron imp is moderately wounded.
You hit the iron imp.
The iron imp convulses.
Eustachio gestures wildly while chanting.
Eustachio blinks!
You block the quasit's attack.
The quasit claws you but does no damage. x2
The iron imp closely misses you. You block the iron imp's attack.
You hit the iron imp but do no damage.
The iron imp is moderately wounded.
You hit the quasit.
The quasit convulses.
You hit the iron imp.
The iron imp flickers and vanishes!
Deactivating autopickup; reactivate with Ctrl-A.
You block the quasit's attack.
The quasit claws you but does no damage.
The quasit claws you.
You feel clumsy.
Eustachio gestures wildly while chanting.
Eustachio blinks!
You hit the quasit but do no damage. Lightning courses through the quasit!
You kill the quasit!
The quasit disappears in a puff of smoke!
You hit the iron imp.
The iron imp is poisoned.
You closely miss something. Something hits you but does no damage.
The iron imp laughs crazily.
The iron imp hits you.
You die...

.# .# .# ###.#### ...
####...... ..# #
####.......# #.# .#
.........@.#####.# #.#
#. #.¤@.........#...# #.
#¤5{.#...##..#(#.### #.
#..#.#.............. #.
#...........<..#
#.#.#¤###.#.#.#.....####
#........#.......###
#..##.#...........#
#.#.#........##
#.#.#........#


You could see Eustachio (agile) and an iron imp (summoned, very poisoned).

Vanquished Creatures
  Grinder (D:5)
  Sigmund (D:5)
  A water moccasin (D:5)
  An ice beast (D:5)
  An ogre (D:5)
  A phantom (D:5)
  2 scorpions
  A jelly (D:5)
  An orc priest (D:5)
  4 iguanas
  Ijyb (D:5)
  4 orc wizards
  13 gnolls
  9 adders
  2 worms
  5 dart slugs
  10 orcs
  8 ball pythons
  9 endoplasms
  3 giant cockroaches
  8 goblins
  4 hobgoblins
  3 jackals (D:3)
  3 quokkas
  5 bats
  4 frilled lizards
  2 kobolds
  6 rats
113 creatures vanquished.

Notes
Turn   | Place    | Note
-------+----------+-------------------------------------------
     0 | D:1      | qw the Gargoyle Fighter began the quest for the Orb.
     0 | D:1      | Reached XP level 1. HP: 14/14 MP: 1/1
     0 | D:1      | 0 ||| qw: Version: 0.2-a-12-gaebbb33
     0 | D:1      | 0 ||| qw: Game counter: 1374
     0 | D:1      | 0 ||| qw: Always use a shield: true
     0 | D:1      | 0 ||| qw: God list: Okawaru
     0 | D:1      | 0 ||| qw: Allow faded altars: false
     0 | D:1      | 0 ||| qw: Do Orc after D:15 true
     0 | D:1      | 0 ||| qw: Do second Lair branch before Depths: true
     0 | D:1      | 0 ||| qw: Lair rune preference: random
     0 | D:1      | 0 ||| qw: Plans: Normal, Zot:1-4, God:TSO, Crypt, Tomb,
                  | Pan, Slime:5, Hells, Abyss, Orb
     0 | D:1      | 0 ||| PLANNING D:1-11
   111 | D:1      | Reached skill level 2 in Axes
   393 | D:1      | 393 ||| Stepping ~*~*~tactically~*~*~ (stealth).
   394 | D:1      | 394 ||| Stepping ~*~*~tactically~*~*~ (stealth).
   398 | D:1      | Reached XP level 2. HP: 19/19 MP: 2/2
   460 | D:1      | 460 ||| DROPPING +0 club.
   939 | D:1      | Reached skill level 3 in Axes
   957 | D:1      | 957 ||| Stepping ~*~*~tactically~*~*~ (stealth).
   959 | D:1      | 959 ||| Stepping ~*~*~tactically~*~*~ (stealth).
   999 | D:1      | Found an opulent altar of Gozag.
  1005 | D:1      | 1005 ||| READING scroll labelled HOASSISERA.
  1106 | D:1      | 1106 ||| READING scroll labelled PEBBUKH XUCW.
  1107 | D:1      | 1107 ||| READING scroll labelled VOCZAI XUAKK.
  1137 | D:2      | 1137 ||| STAIRDANCE
  1144 | D:1      | Reached XP level 3. HP: 11/23 MP: 3/3
  1326 | D:2      | 1326 ||| STAIRDANCE
  1441 | D:2      | 1441 ||| Stepping ~*~*~tactically~*~*~ (stealth).
  1449 | D:2      | Reached XP level 4. HP: 15/28 MP: 4/4
  1629 | D:2      | Found a faded altar of an unknown god.
  1630 | D:2      | 1630 ||| DROPPING +0 mace.
  1901 | D:2      | Reached skill level 4 in Axes
  2280 | D:2      | 2280 ||| Stepping ~*~*~tactically~*~*~ (hiding).
  2282 | D:2      | 2282 ||| Stepping ~*~*~tactically~*~*~ (hiding).
  2366 | D:2      | Reached XP level 5. HP: 26/32 MP: 5/5
  2810 | D:2      | 2810 ||| UPGRADING to +0 helmet.
  2815 | D:2      | 2815 ||| READING scroll labelled FUIFUOZUOS.
  2816 | D:2      | 2816 ||| DRINKING 2 metallic white potions.
  2921 | D:2      | 2921 ||| DRINKING 2 black potions.
  2922 | D:2      | 2922 ||| DROPPING potion of berserk rage.
  3208 | D:3      | Reached skill level 5 in Axes
  3286 | D:3      | Found a shimmering blue altar of Sif Muna.
  3360 | D:3      | 3360 ||| FLEEEEING.
  3361 | D:3      | 3361 ||| FLEEEEING.
  3362 | D:3      | 3362 ||| FLEEEEING.
  3363 | D:3      | 3363 ||| FLEEEEING.
  3364 | D:3      | 3364 ||| FLEEEEING.
  3365 | D:3      | 3365 ||| FLEEEEING.
  3366 | D:3      | 3366 ||| FLEEEEING.
  3367 | D:3      | 3367 ||| FLEEEEING.
  3368 | D:3      | 3368 ||| FLEEEEING.
  3369 | D:3      | 3369 ||| FLEEEEING.
  3370 | D:3      | 3370 ||| FLEEEEING.
  3371 | D:3      | 3371 ||| FLEEEEING.
  3372 | D:3      | 3372 ||| FLEEEEING.
  3382 | D:3      | 3382 ||| FLEEEEING.
  3383 | D:3      | 3383 ||| FLEEEEING.
  3393 | D:3      | 3393 ||| FLEEEEING.
  3394 | D:3      | 3394 ||| FLEEEEING.
  3395 | D:3      | 3395 ||| FLEEEEING.
  3396 | D:3      | 3396 ||| FLEEEEING.
  3402 | D:3      | 3402 ||| STAIRDANCE
  3446 | D:2      | 3446 ||| READING 3 scrolls labelled QIEKAY PENOCA.
  3451 | D:2      | 3451 ||| READING scroll labelled JIS GEASHI.
  3552 | D:3      | 3552 ||| Stepping ~*~*~tactically~*~*~ (stealth).
  3891 | D:4      | 3891 ||| STAIRDANCE
  3918 | D:4      | Reached skill level 1 in Dodging
  3918 | D:4      | Reached XP level 6. HP: 27/38 MP: 6/6
  3967 | D:4      | 3967 ||| FLEEEEING.
  3968 | D:4      | 3968 ||| FLEEEEING.
  3969 | D:4      | 3969 ||| FLEEEEING.
  3975 | D:4      | 3975 ||| STAIRDANCE
  4102 | D:4      | HP: 8/38 [gnoll/+0 spear (5)]
  4103 | D:4      | 4103 ||| READING 2 scrolls of teleportation.
  4109 | D:4      | 4109 ||| Stepping ~*~*~tactically~*~*~ (stealth).
  4111 | D:4      | 4111 ||| READING scroll of teleportation.
  4226 | D:4      | 4226 ||| Stepping ~*~*~tactically~*~*~ (stealth).
  4266 | D:4      | 4266 ||| FLEEEEING.
  4473 | D:4      | 4473 ||| Stepping ~*~*~tactically~*~*~ (stealth).
  4628 | D:4      | 4628 ||| Stepping ~*~*~tactically~*~*~ (stealth).
  4629 | D:4      | 4629 ||| Stepping ~*~*~tactically~*~*~ (stealth).
  4630 | D:4      | 4630 ||| Stepping ~*~*~tactically~*~*~ (hiding).
  4708 | D:4      | Found a radiant altar of Vehumet.
  4815 | D:4      | Found a staircase to the Ecumenical Temple.
  4816 | D:4      | 4816 ||| PLANNING TEMPLE
  4816 | D:4      | 4816 ||| UPGRADING to amulet of reflection.
  4821 | D:4      | 4821 ||| READING 2 scrolls labelled XIYLE QOEPHOF.
  4822 | D:4      | 4822 ||| READING scroll labelled IXAVON RYOW.
  4823 | D:4      | 4823 ||| DRINKING 2 bubbling puce potions.
  4824 | D:4      | 4824 ||| DROPPING scroll of vulnerability.
  4825 | D:4      | 4825 ||| DROPPING potion of brilliance.
  4830 | D:4      | 4830 ||| FLEEEEING.
  4831 | D:4      | 4831 ||| FLEEEEING.
  4832 | D:4      | 4832 ||| FLEEEEING.
  4833 | D:4      | 4833 ||| FLEEEEING.
  4834 | D:4      | 4834 ||| FLEEEEING.
  4835 | D:4      | 4835 ||| FLEEEEING.
  4836 | D:4      | 4836 ||| FLEEEEING.
  4837 | D:4      | 4837 ||| FLEEEEING.
  4838 | D:4      | 4838 ||| FLEEEEING.
  4839 | D:4      | 4839 ||| FLEEEEING.
  4840 | D:4      | 4840 ||| FLEEEEING.
  4842 | D:4      | 4842 ||| FLEEEEING.
  4843 | D:4      | 4843 ||| FLEEEEING.
  4844 | D:4      | 4844 ||| FLEEEEING.
  4845 | D:4      | 4845 ||| FLEEEEING.
  4846 | D:4      | 4846 ||| FLEEEEING.
  4847 | D:4      | 4847 ||| FLEEEEING.
  4848 | D:4      | 4848 ||| FLEEEEING.
  4849 | D:4      | 4849 ||| FLEEEEING.
  4850 | D:4      | 4850 ||| FLEEEEING.
  4851 | D:4      | 4851 ||| FLEEEEING.
  4852 | D:4      | 4852 ||| FLEEEEING.
  4853 | D:4      | 4853 ||| FLEEEEING.
  4854 | D:4      | 4854 ||| FLEEEEING.
  4855 | D:4      | 4855 ||| FLEEEEING.
  4856 | D:4      | 4856 ||| FLEEEEING.
  4858 | D:4      | 4858 ||| STAIRDANCE
  4864 | D:4      | 4864 ||| STAIRDANCE
  4903 | Temple   | Entered the Ecumenical Temple
  4973 | Temple   | 4973 ||| PLANNING D:1-11
  5149 | D:4      | Found a sparkling altar of Nemelex Xobeh.
  5171 | D:4      | 5171 ||| Stepping ~*~*~tactically~*~*~ (stealth).
  5174 | D:4      | 5174 ||| Stepping ~*~*~tactically~*~*~ (stealth).
  5238 | D:5      | Entered Level 5 of the Dungeon
  5238 | D:5      | Noticed Grinder
  5248 | D:5      | Killed Grinder
  5249 | D:5      | Reached skill level 6 in Axes
  5249 | D:5      | Reached XP level 7. HP: 23/43 MP: 7/7
  5420 | D:5      | Reached skill level 7 in Axes
  5440 | D:5      | 5440 ||| READING scroll of enchant weapon.
  5440 | D:5      | 5440 ||| ENCHANTING +1 war axe of draining.
  5470 | D:5      | 5470 ||| Stepping ~*~*~tactically~*~*~ (stealth).
  5491 | D:5      | Noticed Sigmund
  5492 | D:5      | 5492 ||| Stepping ~*~*~tactically~*~*~ (hiding).
  5494 | D:5      | 5494 ||| Stepping ~*~*~tactically~*~*~ (hiding).
  5503 | D:5      | Killed Sigmund
  5504 | D:5      | Reached XP level 8. HP: 49/49 MP: 8/8
  5510 | D:5      | Found an iron altar of Okawaru.
  5511 | D:5      | 5511 ||| PLANNING OKAWARU WORSHIP
  5511 | D:5      | 5511 ||| DRINKING 3 green potions.
  5512 | D:5      | 5512 ||| DROPPING 2 potions of flight.
  5520 | D:5      | Became a worshipper of Warmaster Okawaru
  5521 | D:5      | 5521 ||| PLANNING D:1-11
  5646 | D:5      | 5646 ||| Stepping ~*~*~tactically~*~*~ (stealth).
  5656 | D:5      | 5656 ||| Stepping ~*~*~tactically~*~*~ (stealth).
  5657 | D:5      | 5657 ||| Stepping ~*~*~tactically~*~*~ (stealth).
  5680 | D:5      | 5680 ||| Stepping ~*~*~tactically~*~*~ (hiding).
  5826 | D:5      | 5826 ||| READING scroll of brand weapon.
  5826 | D:5      | 5826 ||| BRANDING +2 war axe of draining.
  5846 | D:5      | 5846 ||| Stepping ~*~*~tactically~*~*~ (stealth).
  5861 | D:5      | 5861 ||| DROPPING +0 flail.
  5871 | D:5      | 5871 ||| Stepping ~*~*~tactically~*~*~ (hiding).
  5880 | D:5      | Reached skill level 8 in Axes
  6000 | D:5      | Found a blossoming altar of Fedhas.
  6000 | D:5      | Noticed Ijyb
  6006 | D:5      | Killed Ijyb
  6097 | D:5      | 6097 ||| READING 2 scrolls of identify.
  6097 | D:5      | 6097 ||| IDENTIFYING gluggy blue potion
  6098 | D:5      | 6098 ||| DROPPING potion of degeneration.
  6129 | D:6      | 6129 ||| STAIRDANCE
  6136 | D:5      | Reached skill level 6 in Fighting
  6173 | D:6      | Noticed Eustachio
  6174 | D:6      | 6174 ||| Stepping ~*~*~tactically~*~*~ (hiding).
  6196 | D:6      | HP: 11/51 [white imp/puff of frost[Eustachio] (8)]
  6197 | D:6      | 6197 ||| READING scroll of teleportation.
  6202 | D:6      | HP: 4/51 [iron imp[Eustachio] (8)]
  6205 | D:6      | Slain by an iron imp

Levels and vault maps discovered:
D:1:      dpeg_arrival_water_altar, layout_rooms, minivault_26,
          grunt_decor_one_mirror
D:2:      layout_loops_corners, shapermc_ecumenical_altar_flowoftime
D:3:      layout_loops_ring, lemuel_tele_altar
D:4:      layout_rooms, nemelex_xobeh_ov_fountains_minmay, marbit_many_paths,
          minmay_temple_entry_tees, nicolae_titane
D:5:      layout_loops_cross, mainiacjoe_overflow_boulevard,
          mainiacjoe_overflow_alcove_4, uniq_ijyb, uniq_grinder, uniq_sigmund
D:6:      layout_loops_ring, nicolae_overflow_hidden_temple, minmay_manual_mail,
          uniq_eustachio, uniq_blork_the_orc
Temple:   dshaligram_water_room_temple

Skill      XL: |  1  2  3  4  5  6  7  8 |
---------------+-------------------------+-----
Axes           | 2 3 4 5 6 7 8 |  8.2
Fighting       | 4 5 6 |  6.0
Dodging        | 1 |  1.0
Throwing       | 2 |  2.6
Armour         | |  3.2
Shields        | |  3.2

Action                   |  1- 3 |  4- 6 |  7- 9 || total
-------------------------+-------+-------+-------++-------
Melee: War axe           |    76 |   192 |   112 ||   380
Throw: Boomerang         |       |     9 |    13 ||    22
  Use: Scroll            |     3 |     7 |     4 ||    14
       Potion            |       |     3 |     1 ||     4
Armor: Scale mail        |    31 |    96 |    49 ||   176
Dodge: Dodged            |    32 |    72 |    30 ||   134
Block: Buckler           |     5 |    27 |    59 ||    91
       Reflection        |       |       |     1 ||     1

Table legend:
 A = Non-vault XP
 B = Vault XP
 C = Vault XP percentage of total XP
 D = Non-vault monster count
 E = Vault monster count
 F = Vault count percentage of total count
                 A         B        C        D         E       F
            +---------+---------+-------+---------+---------+-------
      Total |    1498 |     563 |  27.3 |     109 |       4 |   3.5
            +---------+---------+-------+---------+---------+-------
        D:1 |      38 |       0 |   0.0 |      21 |       0 |   0.0
        D:2 |     135 |       0 |   0.0 |      22 |       0 |   0.0
        D:3 |     130 |       0 |   0.0 |      22 |       0 |   0.0
        D:4 |     240 |       2 |   0.8 |      24 |       1 |   4.0
        D:5 |     872 |     561 |  39.1 |      19 |       3 |  13.6
        D:6 |      83 |       0 |   0.0 |       1 |       0 |   0.0
            +---------+---------+-------+---------+---------+-------
